 Dungeon Crawl Stone Soup version 0.26.0-10-g1f06aea511 (webtiles) character file.

Game seed: 18189525379958740854

75465 dohliylev the Peltast (level 15, -4/96 HPs)
             Began as a Gargoyle Fighter on Jan 17, 2021.
             Was a High Priest of the Shining One.
             Slain by an enormous slime creature (16 damage)
             ... on level 13 of the Dungeon.
             The game lasted 01:27:06 (28592 turns).

dohliylev the Peltast (Gargoyle Fighter)           Turns: 28592, Time: 01:27:06

Health: -4/96      AC: 47    Str: 31    XL:     15   Next: 50%
Magic:  20/20      EV: 11    Int: 10    God:    the Shining One [*****.]
Gold:   945        SH: 15    Dex:  9    Spells: 14/14 levels left

rFire    + . .     SeeInvis .   x - +1 flail (protect)
rCold    . . .     Faith    +   a - +1 kite shield {rPois}
rNeg     + + +     Spirit   .   U - +1 plate armour {rF+}
rPois    ∞         Reflect  .   K - +1 helmet
rElec    +         Harm     .   j - +2 cloak {Will+}
rCorr    .         Rampage  .   b - +0 pair of gloves
Will     ++...                  q - +0 pair of boots (curse)
Stlth    ..........             P - amulet of faith
HPRegen  0.26/turn              C - +6 ring of strength
MPRegen  0.17/turn              c - +4 ring of protection

@: protection aura, glowing
A: big wings, negative energy resistance 1, electricity resistance, unbreathing,
petrification resistance, miasma immunity, AC +11
a: Fly, Renounce Religion, Divine Shield, Cleansing Flame, Summon Divine Warrior


You were on level 13 of the Dungeon.
You worshipped the Shining One.
The Shining One was extremely pleased with you.
You visited 4 branches of the dungeon, and saw 22 of its levels.
You also visited: Sewer.

You collected 2440 gold pieces.
You spent 1495 gold pieces at shops.

Inventory:

Hand Weapons
 x - a +1 flail of protection (weapon)
Armour
 a - a +1 kite shield of poison resistance (worn)
 b - a +0 pair of gloves (worn)
 j - a +2 cloak of willpower (worn)
 q - a cursed +0 pair of boots (worn)
 H - +0 steam dragon scales
 K - a +1 helmet (worn)
 T - the +7 scale mail the Bespelled Amoeba {rC+}
   (You bought it in a shop on level 2 of the Orcish Mines)

   It protects you from cold.
 U - a +1 plate armour of fire resistance (worn)
Jewellery
 c - a +4 ring of protection (right hand)
 i - an uncursed ring of willpower
 y - an uncursed ring of protection from cold
 B - an uncursed ring of ice
 C - a +6 ring of strength (left hand)
 I - a +6 ring of intelligence {unknown}
 J - an uncursed ring of ice
 P - an amulet of faith (around neck)
 R - an uncursed ring of protection from fire
 V - an uncursed ring of protection from fire
Wands
 E - a wand of flame (19)
 S - a wand of polymorph (5)
Scrolls
 g - 10 scrolls of remove curse
 h - 2 scrolls of fear {unknown}
 m - 7 scrolls of amnesia
 o - 4 scrolls of teleportation
 s - 5 scrolls of blinking {unknown}
 v - 5 scrolls of fog {unknown}
 w - 3 scrolls of immolation {unknown}
 z - 3 scrolls of magic mapping
 F - 2 scrolls of acquirement {unknown}
 G - 16 scrolls of identify
 L - a scroll of holy word {unknown}
 M - a scroll of vulnerability {unknown}
 N - 2 scrolls of enchant weapon
 O - 5 scrolls of enchant armour
Potions
 d - 2 potions of might
 e - 2 potions of flight
 f - 6 potions of cancellation
 k - 3 potions of haste
 l - 5 potions of attraction
 n - 5 potions of brilliance
 p - 2 potions of resistance
 r - 4 potions of magic
 t - 10 potions of curing
 u - 6 potions of heal wounds
 A - 3 potions of lignification
 D - 2 potions of mutation {unknown}
 Q - a potion of invisibility {unknown}


   Skills:
 - Level 12.0 Fighting
 - Level 14.0 Maces & Flails
 - Level 12.0 Armour
 + Level 7.8 Dodging
 - Level 15.0 Shields
 - Level 7.2 Invocations


You had 14 spell levels left.
You didn't know any spells.
Your spell library contained the following spells:

 Spells                   Type           Power        Failure   Level
 Animate Skeleton         Necr           0%           93%         1
 Pain                     Necr           0%           93%         1
 Shock                    Conj/Air       0%           93%         1
 Swiftness                Air            0%           98%         2
 Static Discharge         Conj/Air       0%           100%        3
 Vampiric Draining        Necr           0%           100%        3
 Airstrike                Air            0%           100%        4
 Animate Dead             Necr           0%           100%        4
 Agony                    Necr           0%           100%        5
 Lightning Bolt           Conj/Air       0%           100%        5


Dungeon Overview and Level Annotations

Branches:
Dungeon (13/15)            Temple (1/1) D:4            Lair (6/6) D:10
  Swamp (0/4) Lair:2        Snake (0/4) Lair:2        Slime (0/5) Lair:5
    Orc (2/2) D:11            Elf (0/3) Orc:2         Sewer (visited)
 Vaults: D:13-14

Altars:
Ashenzari
Cheibriados
Dithmenos
Elyvilon
Fedhas
Gozag
Hepliaklqana
Kikubaaqudgha
Makhleb
Nemelex Xobeh
Okawaru
Qazlal
Ru
Sif Muna
Trog
Uskayaw
Vehumet
Wu Jian
Xom
Yredelemnul
Zin
The Shining One
Beogh
Jiyva

Shops:
D:5 !   D:6 [   Orc:2 [??[![[(!

Annotations:
Lair:1 exclusion: 2 oklob plants


Innate Abilities, Weirdness & Mutations

You are resistant to torment.
Your stone body is resilient. (AC +11)
You are immune to poison.
Your large and strong wings let you fly indefinitely.
You resist negative energy. (rN+)
You are resistant to electric shocks. (rElec)
You can survive without breathing.
You are immune to petrification.
You are immune to miasma.


Message History

You hear the steady creaking of a distant portcullis.
You block the slime creature's attack.
Two slime creatures merge to form an enormous slime creature.
You hit the enormous slime creature.
Your weapon exudes an aura of protection.
The enormous slime creature is lightly wounded.
You sock the enormous slime creature!
The enormous slime creature is lightly wounded.
The enormous slime creature hits you!!!
Ouch! That really hurt!
You thump the enormous slime creature!
The enormous slime creature is lightly wounded.
You completely miss the enormous slime creature.
The enormous slime creature is lightly wounded.
The enormous slime creature hits you!!
* * * LOW HITPOINT WARNING * * *
You bludgeon the enormous slime creature!!
The enormous slime creature is moderately wounded.
The enormous slime creature hits you!
You die...

**,,,.......^.
*,,,,.........
**,,,.........
##,,##.....<.
####*#..##.....J..
#..,,...#.....B...
#.#***#....#.####.
#.# *#...#.####.
#@# #..........
#J# **#........
#H#########.....†.
#..(8.(.8)8.......
#...(((JH)))......
##.J...)8.........
###########......
##...## ####...


You could see an enormous slime creature, a slime creature and a manticore.

Vanquished Creatures
  Gastronok (D:11)
  Snorg (D:13)
  Fannar (Lair:3)
  3 hydras
  2 boulder beetles
  A catoblepas (Lair:6)
  A two-headed ogre (D:9)
  A centaur warrior (D:13)
  A death yak (Lair:6)
  3 orc high priests (Orc:2)
  The ghost of IHuginn the Ruffian, a novice TrBe of Trog (D:7)
  A fire crab (Lair:6)
  6 orc knights
  A lindwurm (Lair:6)
  6 orc sorcerers (Orc:2)
  A deep elf mage (D:12)
  An ugly thing (D:13)
  An oklob plant (Lair:5)
  29 elephants
  Psyche (D:11)
  Maurice (D:11)
  2 molten gargoyles (Lair:6)
  9 black mambas
  A torpor snail (Lair:2)
  6 cane toads
  11 komodo dragons
  Maggie (D:8)
  3 rime drakes
  4 trolls
  5 polar bears
  26 blink frogs
  Prince Ribbit (D:9)
  7 dream sheep
  A slime creature (D:13)
  A wraith (D:12)
  42 yaks
  6 wyverns
  3 steam dragons
  7 basilisks
  Eustachio (D:4)
  4 vampire mosquitoes (D:12)
  3 wargs
  4 hell hounds (Lair:6)
  An acid dragon (D:11)
  23 water moccasins
  5 sky beasts
  Duvessa (D:7)
  2 ice beasts
  25 orc warriors
  An eye of draining (D:10)
  4 black bears
  4 phantoms
  11 ogres
  16 wolves
  3 necrophages
  22 centaurs
  11 bullfrogs
  7 big kobolds
  6 gnoll sergeants (D:6)
  A wyvern skeleton (D:12)
  7 scorpions
  Dowan (D:7)
  16 killer bees
  A howler monkey (D:6)
  4 wights
  5 jellies
  2 electric eels
  2 bullfrog zombies
  2 centaur zombies
  12 hounds
  5 lava snakes (Lair:6)
  4 bullfrog skeletons
  2 centaur skeletons
  17 orc priests
  5 gnoll shamans
  6 iguanas
  24 orc wizards
  Natasha (thrice) (D:3)
  6 worker ants
  Terence (D:2)
  A killer bee zombie (D:9)
  A statue (D:5)
  2 hound zombies
  A hound skeleton (D:9)
  2 worker ant zombies (D:5)
  37 gnolls
  18 adders
  A river rat (Sewer)
  5 shadow imps
  6 white imps
  An ufetubus (D:6)
  5 oozes
  7 worms
  9 leopard geckos
  66 orcs
  9 giant cockroaches
  6 goblins
  9 hobgoblins
  4 jackals (D:6)
  45 kobolds
  7 quokkas
  5 ball pythons
  8 bats
  6 frilled lizards
  10 rats
751 creatures vanquished.

Vanquished Creatures (collateral kills)
  A fire dragon (Lair:6)
  A hydra (D:10)
  A boulder beetle (D:10)
  An orc knight (Orc:1)
  An orc warrior (Orc:1)
  An orc wizard (Orc:1)
  6 orcs (Orc:1)
12 creatures vanquished.

Vanquished Creatures (others)
  An orc wizard (D:4)
  41 fungi
  123 plants
165 creatures vanquished.

Grand Total: 928 creatures vanquished

Notes
Turn   | Place    | Note
-------+----------+-------------------------------------------
     0 | D:1      | dohliylev the Gargoyle Fighter began the quest for the Orb.
     0 | D:1      | Reached XP level 1. HP: 14/14 MP: 1/1
   136 | D:1      | Reached XP level 2. HP: 20/20 MP: 2/2
   651 | D:1      | Reached XP level 3. HP: 24/24 MP: 3/3
  1078 | D:2      | Found a blossoming altar of Fedhas.
  1170 | D:2      | Reached skill level 5 in Fighting
  1199 | D:2      | Noticed Terence
  1210 | D:2      | Killed Terence
  1211 | D:2      | Reached XP level 4. HP: 30/31 MP: 4/4
  1316 | D:2      | Found a bloodstained altar of Trog.
  1595 | D:3      | Found a glowing drain.
  1618 | Sewer    | Entered a sewer
  2159 | Sewer    | Noticed a big kobold
  2177 | Sewer    | Killed a big kobold
  2178 | Sewer    | Reached XP level 5. HP: 35/37 MP: 5/5
  2317 | Sewer    | Noticed a big kobold
  2317 | Sewer    | Noticed a big kobold
  2329 | Sewer    | Killed a big kobold
  2330 | Sewer    | Reached XP level 6. HP: 44/44 MP: 6/6
  2656 | D:3      | Reached XP level 7. HP: 49/50 MP: 7/7
  3218 | D:3      | Noticed Natasha
  3225 | D:3      | Killed Natasha
  3262 | D:3      | Noticed Natasha
  3268 | D:3      | Killed Natasha
  3309 | D:3      | Noticed Natasha
  3317 | D:3      | Killed Natasha
  3680 | D:4      | Got a pitted morningstar
  3681 | D:4      | Identified the +5 morningstar "Pempaem" {drain, Fragile
                  | rElec Int+5 Dex+2} (You found it on level 4 of the Dungeon)
  3775 | D:4      | Found a staircase to the Ecumenical Temple.
  3784 | Temple   | Entered the Ecumenical Temple
  3811 | Temple   | Became a worshipper of the Shining One
  4183 | D:4      | Reached XP level 8. HP: 42/55 MP: 8/8
  4190 | D:4      | Reached skill level 4 in Shields
  4217 | D:4      | Reached skill level 5 in Maces & Flails
  4311 | D:4      | Noticed Eustachio
  4345 | D:4      | Killed Eustachio
  4585 | D:5      | Entered Level 5 of the Dungeon
  4731 | D:5      | Found Ykudualu's Distillery.
  4767 | D:5      | Reached skill level 5 in Shields
  4822 | D:5      | Reached skill level 1 in Invocations
  5023 | D:5      | Found a radiant altar of Vehumet.
  5391 | D:5      | Reached XP level 9. HP: 39/60 MP: 10/10
  5543 | D:5      | Reached * piety under the Shining One
  5619 | D:5      | Found an ornate altar of the Wu Jian Council.
  6208 | D:6      | Reached skill level 6 in Shields
  6307 | D:6      | Found Weasic's Armour Boutique.
  6378 | D:6      | Reached skill level 1 in Dodging
  6592 | D:6      | Reached skill level 7 in Shields
  6630 | D:6      | Reached ** piety under the Shining One
  6940 | D:6      | Reached skill level 5 in Armour
  7025 | D:6      | Reached XP level 10. HP: 64/65 MP: 13/13
  8017 | D:7      | Noticed Dowan
  8025 | D:7      | Reached skill level 8 in Shields
  8033 | D:7      | Killed Dowan
  8041 | D:7      | Noticed Duvessa
  8055 | D:7      | Killed Duvessa
  8185 | D:7      | Found a transporter.
  8221 | D:7      | Noticed IHuginn's ghost (novice TrBe)
  8542 | D:7      | Reached skill level 5 in Invocations
  8557 | D:7      | Reached *** piety under the Shining One
  8673 | D:7      | Found a transporter.
  9107 | D:7      | Killed IHuginn's ghost
  9174 | D:8      | Found a roughly hewn altar of Beogh.
  9184 | D:8      | Noticed Maggie
  9451 | D:8      | Reached skill level 10 in Maces & Flails
  9879 | D:8      | Killed Maggie
  9880 | D:8      | Reached skill level 9 in Shields
  9880 | D:8      | Reached XP level 11. HP: 61/69 MP: 15/15
 10541 | D:9      | Noticed a two-headed ogre
 10557 | D:9      | Killed a two-headed ogre
 10607 | D:9      | Noticed Prince Ribbit
 10629 | D:9      | Killed Prince Ribbit
 11140 | D:9      | Reached **** piety under the Shining One
 11459 | D:10     | Entered Level 10 of the Dungeon
 11823 | D:10     | Found a staircase to the Lair.
 12251 | Lair:1   | Entered Level 1 of the Lair of Beasts
 12753 | Lair:1   | Reached skill level 10 in Shields
 12753 | Lair:1   | Noticed an oklob plant
 12753 | Lair:1   | Noticed an oklob plant
 13762 | Lair:2   | Reached XP level 12. HP: 72/75 MP: 17/17
 13765 | Lair:2   | Found a staircase to the Snake Pit.
 13883 | Lair:2   | Found a staircase to the Swamp.
 14243 | Lair:2   | Reached skill level 11 in Shields
 14481 | Lair:3   | Noticed Fannar
 14546 | Lair:4   | Reached ***** piety under the Shining One
 14735 | Lair:3   | Noticed a four-headed hydra
 14750 | Lair:3   | Killed a four-headed hydra
 15023 | Lair:3   | Killed Fannar
 15139 | Lair:3   | Noticed a boulder beetle
 15174 | Lair:3   | Killed a boulder beetle
 15522 | Lair:3   | Reached skill level 12 in Shields
 16015 | Lair:4   | Reached XP level 13. HP: 72/79 MP: 18/18
 16591 | Lair:4   | Reached skill level 13 in Shields
 17951 | Lair:5   | Found a viscous altar of Jiyva.
 17951 | Lair:5   | Found a staircase to the Slime Pits.
 17978 | Lair:5   | Reached skill level 14 in Shields
 19132 | Lair:6   | Entered Level 6 of the Lair of Beasts
 19187 | Lair:6   | Gained mutation: Your large and strong wings let you fly
                  | indefinitely. [Gargoyle growth]
 19187 | Lair:6   | Reached XP level 14. HP: 51/84 MP: 19/19
 19357 | Lair:6   | Reached skill level 15 in Shields
 19375 | Lair:6   | Reached skill level 10 in Armour
 21300 | Lair:6   | Found a large runed translucent door.
 21301 | Lair:6   | Found a large runed translucent door.
 22682 | D:10     | Reached skill level 10 in Fighting
 22733 | D:10     | The Shining One protects you from harm!
 23186 | D:11     | Noticed Psyche
 23193 | D:11     | Killed Psyche
 23304 | D:11     | Noticed Gastronok
 23398 | D:11     | Noticed Maurice
 23440 | D:11     | Killed Maurice
 23834 | D:11     | Killed Gastronok
 24052 | D:11     | Found a staircase to the Orcish Mines.
 24091 | Orc:1    | Entered Level 1 of the Orcish Mines
 24493 | Orc:2    | Entered Level 2 of the Orcish Mines
 24513 | Orc:2    | Found a roughly hewn altar of Beogh.
 25033 | Orc:1    | Found a roughly hewn altar of Beogh.
 25109 | Orc:2    | Found Kaebliu's Distillery.
 25144 | Orc:2    | Found Teit's Antique Armour Shop.
 25155 | Orc:2    | Reached XP level 15. HP: 96/96 MP: 20/20
 25164 | Orc:2    | Bought an ancient scale mail for 180 gold pieces
 25164 | Orc:2    | Bought a glowing plate armour for 520 gold pieces
 25174 | Orc:2    | Identified the +7 scale mail the Bespelled Amoeba {rC+}
                  | (You bought it in a shop on level 2 of the Orcish Mines)
 25249 | Orc:2    | Found Coseocasi's Armour Emporium.
 25259 | Orc:2    | Found Saik's Magic Scroll Boutique.
 25261 | Orc:2    | Found a staircase to the Elven Halls.
 25267 | Orc:2    | Bought a scroll of identify for 24 gold pieces
 25267 | Orc:2    | Bought a scroll of enchant weapon for 90 gold pieces
 25377 | Orc:2    | Paralysed by an orc sorcerer for 5 turns
 25419 | Orc:2    | Found Yha Inlo's Weapon Emporium.
 25484 | Orc:2    | Found Feechir's Antique Armour Shoppe.
 26025 | Orc:2    | Reached skill level 5 in Dodging
 26534 | Orc:2    | Found Duytotwun's Distillery.
 26537 | Orc:2    | Found Ynupnoel's Magic Scroll Boutique.
 26546 | Orc:2    | Found Riot Jahipp's Antique Armour Boutique.
 26562 | Orc:2    | Bought a pair of runed boots for 240 gold pieces
 26581 | Orc:2    | Bought a scroll of identify for 36 gold pieces
 26581 | Orc:2    | Bought a scroll of enchant armour for 135 gold pieces
 26581 | Orc:2    | Bought a scroll of enchant armour for 135 gold pieces
 26581 | Orc:2    | Bought a scroll of enchant armour for 135 gold pieces
 28051 | D:13     | Noticed Snorg
 28065 | D:13     | Reached ****** piety under the Shining One
 28098 | D:13     | Killed Snorg
 28592 | D:13     | Slain by an enormous slime creature

Illustrated notes

Levels and vault maps discovered:
D:1:      shiori_arrival_maze, layout_basic
D:2:      layout_loops_ring, lightli_temple_of_fire, amethyst_killhole,
          fedhas_ov_isle_minmay, uniq_terence
D:3:      layout_rooms, portal_sewer_entry_b, minmay_quantized, uniq_natasha
D:4:      layout_cave_pools, minmay_temple_entry_poolview, uniq_eustachio
D:5:      kennysheep_kobold_camp, layout_loops_ring, vehumet_statue,
          nzn_wu_jian_council_hall, serial_shops, nicolae_shop_crystal
D:6:      layout_cave_pools, serial_gnoll_camp, gnoll_camp_medium_02,
          gnoll_camp_mini_hut, gnoll_camp_huts_basic, gnoll_camp_medium_01,
          gnoll_camp_mini_hut, serial_shops, shop,
          amcnicky_mini_corridor_feature, chequers_big_river
D:7:      layout_basic, gammafunk_ghost_smash, uniq_duvessa
D:8:      layout_basic, serial_glass, glass_columns_a, glass_columns_b,
          glass_columns_a, glass_columns_a, glass_columns_b, special_room
          [special_room_orc], kennysheep_generic_room_10, uniq_maggie
D:9:      layout_basic, uniq_prince_ribbit1
D:10:     layout_rooms, lair_entry_dummy, kennysheep_opposing_triangles
D:11:     layout_long_grid, orc_0_dummy, uniq_gastronok, uniq_psyche,
          uniq_maurice
D:12:     layout_gridville
D:13:     layout_cave_pools, hangedman_vaults_entry_quadrant_bands,
          enter_bailey_4, serial_column_ruins, column_ruins_hut_ruined,
          column_ruins_grid_3, column_ruins_grid_3, column_ruins_grid_1,
          column_ruins_corridor_straight, kennysheep_minor_cross, uniq_snorg,
          uniq_frances
Temple:   hc_temple_tempest_star
Lair:1:   dpeg_oklob_gauntlet, layout_cave_pods, patterned_corridor,
          serial_bayou_shore_b
Lair:2:   layout_small_grid, swamp_mist_pool, minmay_snake_entry_six_corridors
Lair:3:   layout_cellular_growth, uniq_fannar
Lair:4:   layout_layer_cave
Lair:5:   beast_lair_carwin_large_2, layout_regular_city,
          dpeg_slime_entry_enclosed_altar, grunt_megastairs_3
Lair:6:   cheibrodos_lair_end_hotspot, layout_long_grid, nicolae_lair_yak_garden
Orc:1:    layout_caves, david_defended_altar_orc
Orc:2:    st_orc_elflike, layout_caves, basic_altar, serial_shops,
          nicolae_shop_statue_plus, shop, shop,
          nicolae_shop_competitors_out_of_business, shop

Skill      XL: |  1  2  3  4  5  6  7  8  9 10 11 12 13 14 15 |
---------------+----------------------------------------------+-----
Fighting       | 4 5 6 7 8 11 12 | 12.0
Maces & Flails | 4 6 8 10 11 13 14 | 14.0
Armour         | 4 5 6 7 8 9 12 | 12.0
Shields        | 5 7 9 10 12 14 15 | 15.0
Invocations    | 2 4 5 7 |  7.2
Dodging        | 1 2 3 7 |  7.8

Action                   |  1- 3 |  4- 6 |  7- 9 | 10-12 | 13-15 || total
-------------------------+-------+-------+-------+-------+-------++-------
Melee: Flail             |   136 |   190 |   660 |   840 |  1861 ||  3687
       Morningstar       |       |       |     8 |       |       ||     8
       Mace              |       |       |       |   360 |       ||   360
Invok: Divine Shield     |       |       |       |     3 |     7 ||    10
       Cleansing Flame   |       |       |       |       |     6 ||     6
       Summon Divine War |       |       |       |       |     3 ||     3
 Abil: Fly               |       |       |       |       |     1 ||     1
       Stop Flying       |       |       |       |       |     1 ||     1
  Use: Scroll            |       |     6 |       |     6 |     7 ||    19
       Potion            |       |     4 |     1 |       |       ||     5
Armor: Scale mail        |    71 |   101 |   103 |       |       ||   275
       Chain mail        |       |       |   215 |       |       ||   215
       Skin              |       |       |     1 |       |       ||     1
       Plate armour      |       |       |   196 |   544 |   982 ||  1722
Dodge: Dodged            |    38 |    56 |   293 |   341 |   550 ||  1278
Block: Kite shield       |    77 |   100 |   471 |   827 |  1524 ||  2999
